 Dungeon Sprint DCSS version 0.30-a0-870-gc5d4c5acee (webtiles) character file.

Game seed: 16212117011638181634

95 rocky1 the Shield-Bearer (level 4, -20/40 HPs)
             Began as a Formicid Fighter on Mar 12, 2023.
             Killed from afar by an oklob sapling priest (30 damage)
             ... with a splash of acid
             ... in the Dungeon (Sprint IV: "Fedhas' Mad Dash").
             The game lasted 00:01:09 (88 turns).

rocky1 the Shield-Bearer (Formicid Fighter)           Turns: 88, Time: 00:01:10

Health: -20/40     AC:  7    Str: 21    XL:     4   Next: 97%
Magic:  4/4        EV:  9    Int:  7    God:
Gold:   49         SH:  6    Dex: 15    Spells: 3/3 levels left

rFire   . . .      SeeInvis +    a - +0 trident
rCold   . . .      Faith    .    c - +0 buckler
rNeg    . . .      Spirit   .    b - +0 scale mail
rPois   .          Reflect  .    (helmet unavailable)
rElec   .          Rampage  .    (no cloak)
rCorr   .                        (no gloves)
Will    .....                    (no boots) Stlth
                                 i - amulet of invisibility {+Inv}
HPRegen 0.26/turn                (no ring)
MPRegen 0.09/turn                (no ring)

@: very slightly contaminated
A: permanent stasis, dig shafts and tunnels, antennae 3, four strong arms
a: Dig, Evoke Invisibility


You were in the Dungeon.
You visited 1 branch You collected 49 gold pieces.

Inventory:

Hand Weapons
 a - a +0 trident (weapon)
Missiles
 k - 5 poisoned darts
Armour
 b - a +0 scale mail (worn)
 c - a +0 buckler (worn)
Jewellery
 i - the amulet of invisibility (around neck) {+Inv}
   (You found it in the Dungeon)

   [amulet of nothing]

   +Inv:      It lets you turn invisible.
Scrolls
 h - a scroll of blinking
 j - a scroll of amnesia {unknown}
Potions
 d - a potion of might
 e - a potion of curing
 f - a potion of heal wounds
 g - 2 potions of magic


   Skills:
 + Level 6.1 Fighting
 + Level 3.9 Polearms
 + Level 6.1 Armour
 + Level 7.1 Shields


You had 3 spell levels left.
You didn't know any spells.
Your spell library was empty.

Dungeon Overview and Level Annotations

Branches:
Dungeon (1/1)

Altars:
Cheibriados
Dithmenos
Elyvilon
Gozag
Hepliaklqana
Kikubaaqudgha
Makhleb
Nemelex Xobeh
Okawaru
Qazlal
Ru
Sif Muna
Trog
Uskayaw
Vehumet
Wu Jian
Xom
Yredelemnul
Zin
The Shining One
Jiyva
Lugonu

Annotations:
D exclusion: oklob sapling


Innate Abilities, Weirdness & Mutations

You cannot be hasted, slowed, berserked, paralysed or teleported.
You can dig through walls and to a lower floor.
You have a pair of large antennae on your head. (SInv)
Your four strong arms can wield two-handed weapons with a shield.


Message History

No reachable target in view!
Found three altars.
No reachable target in view!
Found two altars.
Found three altars.
There is an opulent altar of Gozag here.
Found a corrupted altar of Lugonu and a radiant altar of Vehumet.
There is a hazy altar of Hepliaklqana here.
You hit the oklob sapling priest but do no damage.
You flicker for a moment.
You hit the oklob sapling priest.
The oklob sapling priest is lightly damaged.
You completely miss the oklob sapling priest.
The oklob sapling priest is lightly damaged.
The oklob sapling priest spits acid at you.
The splash of acid hits you!!
Ouch! That really hurt!
* * * LOW HITPOINT WARNING * * *
You are too injured to fight recklessly!
You hit the oklob sapling priest.
The oklob sapling priest is moderately damaged.
You hit the oklob sapling priest.
The oklob sapling priest is heavily damaged.
The oklob sapling priest begins to cast a cantrip, but forgets the words!
You hit the oklob sapling priest but do no damage.
The oklob sapling priest is heavily damaged.
You flicker back into view.
The oklob sapling priest miscasts a cantrip.
You hit the oklob sapling priest but do no damage.
The oklob sapling priest is heavily damaged.
You hit the oklob sapling priest.
The oklob sapling priest is heavily damaged.
You hit the oklob sapling priest but do no damage.
The oklob sapling priest is heavily damaged.
You hit the oklob sapling priest.
The oklob sapling priest is heavily damaged.
The oklob sapling priest spits acid at you.
The splash of acid hits you!!
Ouch! That really hurt!
You die...

########################
....#.....#.⌠._._._._.⌠.
[...'.#†..'.._._@_._._..
....#.#...#..._._P_._...
########+##.._._._._._..
#._._._._._.⌠. {
############## { { {


You could see an oklob sapling priest.

Vanquished Creatures
  A scorpion (D)
  An oklob sapling (D)
  A river rat (D)
  A rat (D)
4 creatures vanquished.

Vanquished Creatures (others)
  2 fungi (D)
2 creatures vanquished.

Grand Total: 6 creatures vanquished

Notes
Turn   | Place    | Note
-------+----------+-------------------------------------------
     0 | D        | rocky1 the Formicid Fighter began the quest for the Orb.
     0 | D        | Reached XP level 1. HP: 18/18 MP: 1/1
    14 | D        | Reached XP level 2. HP: 25/25 MP: 2/2
    15 | D        | Reached skill level 5 in Shields
    21 | D        | Noticed an oklob sapling
    24 | D        | Killed an oklob sapling
    25 | D        | Reached XP level 3. HP: 32/32 MP: 3/3
    30 | D        | Noticed a scorpion
    30 | D        | Found the amulet of invisibility {+Inv}
    40 | D        | Killed a scorpion
    41 | D        | Reached skill level 7 in Shields
    41 | D        | Reached XP level 4. HP: 35/40 MP: 4/4
    67 | D        | Found an opulent altar of Gozag.
    67 | D        | Found a hazy altar of Hepliaklqana.
    67 | D        | Found a burning altar of Makhleb.
    67 | D        | Found a sparkling altar of Nemelex Xobeh.
    67 | D        | Found a snail-covered altar of Cheibriados.
    67 | D        | Found a sacrificial altar of Ru.
    67 | D        | Found a shimmering blue altar of Sif Muna.
    67 | D        | Found a shimmering altar of Xom.
    67 | D        | Found a basalt altar of Yredelemnul.
    72 | D        | Found a viscous altar of Jiyva.
    72 | D        | Found a bloodstained altar of Trog.
    72 | D        | Found an ornate altar of the Wu Jian Council.
    72 | D        | Noticed an oklob sapling priest
    73 | D        | Found an iron altar of Okawaru.
    73 | D        | Found a shadowy altar of Dithmenos.
    73 | D        | Found a glowing silver altar of Zin.
    74 | D        | Found an ancient bone altar of Kikubaaqudgha.
    74 | D        | Found a hide-covered altar of Uskayaw.
    75 | D        | Found a stormy altar of Qazlal.
    75 | D        | Found a white marble altar of Elyvilon.
    75 | D        | Found a glowing golden altar of the Shining One.
    76 | D        | Found a corrupted altar of Lugonu.
    76 | D        | Found a radiant altar of Vehumet.
    88 | D        | Killed from afar by an oklob sapling priest

Illustrated notes

Levels and vault maps discovered:
D:        dungeon_sprint_fedhas [sprint_temple]

Skill      XL: |  1  2  3 |
---------------+----------+-----
Fighting       | 4 6 |  6.1
Armour         | 4 6 |  6.1
Shields        | 5 7 |  7.1
Polearms       | 3 |  3.9

Action                     |  1- 3 |  4- 6 || total
---------------------------+-------+-------++-------
  Melee: Trident           |    21 |    10 ||    31
Ability: Dig               |       |     1 ||     1
         Evoke Invisibilit |       |     1 ||     1
 Armour: Scale mail        |     5 |       ||     5
  Dodge: Dodged            |     4 |       ||     4
  Block: Buckler           |     4 |       ||     4

Table legend: (Time is in decaauts)
 A = Elapsed time spent in this place.
 B = Non-inter-level travel time spent in this place.
 C = Inter-level travel time spent in this place.
 D = Time resting spent in this place.
 E = Time spent auto-exploring this place.
 F = Levels seen in this place.
 G = Mean time per level.
                   A        B        C        D        E       F      G
               +--------+--------+--------+--------+--------+-----+--------+
         Total |     93 |     93 |      0 |      0 |      0 |   1 |   93.0 |
       Dungeon |     93 |     93 |      0 |      0 |      0 |   1 |   93.0 |
               +--------+--------+--------+--------+--------+-----+--------+

Top non-repeatable levels by time:
       D: 93 daAuts
